 Dungeon Crawl Stone Soup version 0.30.1-11-g7821555f0a (webtiles) character file.

Game seed: 10317807594477060007

868 Martska the Trooper (level 8, -4/87 HPs)
             Began as an Ogre Gladiator on Dec 4, 2023.
             Was a Follower of Okawaru.
             Slain by a gnoll
             ... wielding a +0 club
             ... led by a gnoll sergeant
              (8 damage)
             ... on level 5 of the Dungeon on Dec 5, 2023.
             The game lasted 00:08:26 (5727 turns).

Martska the Trooper (Ogre Gladiator)                Turns: 5727, Time: 00:08:27

Health: -4/87      AC:  3    Str: 21    XL:     8   Next: 3%
Magic:  8/8        EV: 11    Int:  9    God:    Okawaru [*.....]
Gold:   249        SH:  5    Dex: 10    Spells: 7/7 levels left

rFire   . . .        a - +0 flail
rCold   . . .        (no shield)
rNeg    + + +        i - +0 robe of Untruth {+Blink Fly rN+++ Stlth-}
rPois   +            c - +0 hat
rElec   .            (no cloak)
rCorr   .            (gloves unavailable)
SInv    .            (boots unavailable)
Will    .....        g - amulet of reflection Stlth
                     r - ring of poison resistance
HPRegen 0.34/turn    (no ring)
MPRegen 0.11/turn

%: reflection
@: about to teleport, flying
A: large, unfitting armour, tough skin 1
a: Renounce Religion, Evoke Blink, Heroism


You were on level 5 of the Dungeon.
You worshipped Okawaru.
Okawaru was aware of your devotion.
You visited 1 branch of the dungeon, and saw 5 of its levels.

You collected 249 gold pieces.

Inventory:

Hand Weapons
 a - a +0 flail (weapon)
Missiles
 d - 2 throwing nets
 e - a large rock (quivered)
Armour
 b - a +0 robe
 c - a +0 hat (worn)
 i - the +0 robe of Untruth (worn) {+Blink Fly rN+++ Stlth-}
   (You found it on level 2 of the Dungeon)

   rN:        It renders you almost immune to negative energy.
   Fly:       It grants you flight.
   +Blink:    It lets you blink.
   Stlth:     It makes you less stealthy.
Jewellery
 g - an amulet of reflection (around neck)
 r - a ring of poison resistance (left hand)
Wands
 f - a wand of flame (1)
 u - a wand of roots (10)
 y - a wand of mindburst (14)
Scrolls
 h - a scroll of teleportation
 j - a scroll of fog {unknown}
 l - 2 scrolls of enchant armour {unknown}
 m - a scroll of immolation
 o - 2 scrolls of identify
 p - a scroll of poison {unknown}
 t - a scroll of acquirement {unknown}
 v - a scroll of amnesia {unknown}
 w - 2 scrolls of summoning
Potions
 k - a potion of attraction {unknown}
 n - 3 potions of curing
 q - a potion of brilliance {unknown}
 s - a potion of mutation {unknown}
 x - a potion of might {unknown}


   Skills:
 * Level 7.3 Fighting
 * Level 5.5 Maces & Flails
 - Level 2.0 Throwing
 + Level 5.0 Dodging


You had 7 spell levels left.
You didn't know any spells.
Your spell library contained the following spells:

 Spells                   Type           Power      Damage    Failure   Level
 Apportation              Tloc           0%         N/A       38%         1
 Necrotise                Necr           0%         1d4       38%         1
 Alistair's Intoxication  Tmut/Pois      0%         N/A       100%        5
 Summon Small Mammal      Summ           Unusable   N/A       N/A         1

Dungeon Overview and Level Annotations

Branches:
Dungeon (5/15)
 Temple: D:4-7

Altars:
Kikubaaqudgha
Okawaru
Vehumet

Shops:
D:2 ([(

Annotations:
D:2 2 transporters
D:5 Sigmund


Innate Abilities, Weirdness & Mutations

You are too large for most types of armour.
You have tough skin. (AC +1)


Message History

You kill the gnoll sergeant!
Okawaru accepts your kill. The gnoll closely misses you.
Your Dodging skill increases to level 5!
You have reached level 8!
You hit the gnoll but do no damage.
The gnoll hits you from afar with a +0 spear!
You block the gnoll's attack. Something hits you! Something burns you.
You barely miss the gnoll. The gnoll closely misses you. x2
Something hits you! Something burns you. You block the gnoll's attack.
The gnoll hits you from afar with a +0 spear.
* * * LOW HITPOINT WARNING * * *
As you read the scroll labelled HUISCH NEUCEIK, it crumbles to dust.
Wisps of shadow whirl around you...
The shadows disperse without effect.
It was a scroll of summoning.
The gnoll hits you from afar with a +0 spear!
* * * LOW HITPOINT WARNING * * *
The gnoll closely misses you. Something hits you.
* * * LOW HITPOINT WARNING * * *
Something burns you.
* * * LOW HITPOINT WARNING * * *
As you read the scroll labelled RIUMEIBBAH, it crumbles to dust.
The creatures around you are filled with an inner flame!
It was a scroll of immolation.
You block the gnoll's attack. The gnoll hits you with a +0 club.
* * * LOW HITPOINT WARNING * * *
As you read the scroll labelled ZINOKKUVVA, it crumbles to dust.
It is a scroll of identify.
h - 2 scrolls of teleportation Something hits you.
* * * LOW HITPOINT WARNING * * *
Something burns you.
* * * LOW HITPOINT WARNING * * *
The gnoll hits you from afar with a +0 spear.
* * * LOW HITPOINT WARNING * * *
You block the gnoll's attack.
As you read the scroll of teleportation, it crumbles to dust.
You feel strangely unstable. The gnoll barely misses you.
The gnoll hits you with a +0 club!
You die...

##### ###
##########...##
.....#####..............
....g.g@................
.....g#####.#######...##
..... ..... #..... ....
#.....# ##....# ..#
#.....# #...... .
.....## #.....# #####.#
#.....# .# #.....#
#.....#


You could see 3 gnolls.

Vanquished Creatures
  A black bear (D:5)
  A phantom (D:5)
  A centaur (D:4)
  A gnoll sergeant (D:5)
  A howler monkey (D:4)
  2 hounds (D:4)
  A jelly (D:5)
  3 sleepcaps (D:4)
  Jessica (D:2)
  Terence (D:2)
  3 iguanas (D:4)
  Robin (D:2)
  8 adders
  A gnoll (D:5)
  2 worms
  3 dart slugs (D:1)
  9 orcs
  12 endoplasms
  4 giant cockroaches
  9 goblins
  11 hobgoblins
  8 jackals
  7 quokkas
  8 ball pythons
  8 bats
  A frilled lizard (D:1)
  9 kobolds
  7 rats
124 creatures vanquished.

Vanquished Creatures (others)
  A goblin (D:3)
  A hobgoblin (D:3)
2 creatures vanquished.

Grand Total: 126 creatures vanquished

Notes
Turn   | Place    | Note
-------+----------+-------------------------------------------
     0 | D:1      | Martska the Ogre Gladiator began the quest for the Orb.
     0 | D:1      | Reached XP level 1. HP: 22/22 MP: 1/1
    71 | D:1      | Reached skill level 3 in Fighting
    75 | D:1      | Reached XP level 2. HP: 26/31 MP: 2/2
   458 | D:1      | Reached XP level 3. HP: 34/37 MP: 3/3
   818 | D:2      | Reached XP level 4. HP: 22/48 MP: 4/4
   938 | D:2      | Noticed Terence
   946 | D:2      | Killed Terence
   947 | D:2      | Reached skill level 4 in Fighting
  1075 | D:2      | Found Dofuly's Weapon Boutique.
  1104 | D:2      | Identified the +0 robe of Untruth {+Blink Fly rN+++ Stlth-}
  1121 | D:2      | Found a transporter.
  1123 | D:2      | Found Wineh's Antique Weapon Emporium.
  1146 | D:2      | Found a transporter.
  1273 | D:2      | Found an iron altar of Okawaru.
  1287 | D:2      | Became a worshipper of Warmaster Okawaru
  1567 | D:2      | Noticed Jessica
  1580 | D:2      | Killed Jessica
  1581 | D:2      | Reached XP level 5. HP: 34/55 MP: 5/5
  1790 | D:2      | Found Gefoub Gea's Antique Armour Shop.
  2246 | D:3      | Noticed Robin
  2268 | D:2      | Killed Robin
  2721 | D:3      | Found a radiant altar of Vehumet.
  2848 | D:3      | Found a faded altar of an unknown god.
  3230 | D:3      | Reached skill level 5 in Fighting
  3234 | D:3      | Found an ancient bone altar of Kikubaaqudgha.
  3483 | D:4      | Reached XP level 6. HP: 65/66 MP: 6/6
  4562 | D:4      | Reached XP level 7. HP: 69/74 MP: 7/7
  4641 | D:4      | Reached skill level 6 in Fighting
  5451 | D:5      | Entered Level 5 of the Dungeon
  5462 | D:5      | Reached * piety under Okawaru
  5463 | D:5      | Reached skill level 5 in Maces & Flails
  5592 | D:5      | Reached skill level 7 in Fighting
  5711 | D:5      | Noticed Sigmund
  5722 | D:5      | Reached skill level 5 in Dodging
  5722 | D:5      | Reached XP level 8. HP: 62/87 MP: 8/8
  5726 | D:5      | HP: 4/87 [gnoll/+0 spear[a gnoll sergeant] (6)]
  5727 | D:5      | Slain by a gnoll

Illustrated notes

Levels and vault maps discovered:
D:1:      spicycebolla_arrival_clurvy, layout_loops_cross, serial_forest,
          infiniplex_forest_clump_small, infiniplex_forest_lined_2,
          infiniplex_forest_clump_diagonal, infiniplex_forest_straight_2,
          infiniplex_forest_lined_room_2, minmay_misc_feat_four_crosses
D:2:      cheibrodos_pilgrimage, layout_basic, basic_altar, serial_shops,
          nicolae_shop_real_fake_doors, nicolae_shop_drivethru,
          nicolae_shop_statue_plus, uniq_jessica, uniq_terence
D:3:      layout_basic, marbit_many_paths, nicolae_vehumet_radiance,
          ebering_ecumenical_altar_webs, uniq_robin
D:4:      layout_basic, serial_co_window_serial, co_window_of_opportunity_a,
          co_window_corner_a, co_window_paths_a, co_window_paths_a,
          co_window_paths_a, co_window_corner_b, co_window_of_opportunity_c,
          co_window_broadway_a, co_window_4corner_a, glass_columns_c,
          glass_columns_a, glass_columns_c, glass_columns_a, glass_columns_a,
          nzn_random_ring
D:5:      layout_basic, gammafunk_ghost_cemetery, pf_guarded_unrand_woodcutter,
          uniq_sigmund

Skill      XL: |  1  2  3  4  5  6  7 |
---------------+----------------------+-----
Fighting       | 3 4 5 7 |  7.3
Maces & Flails | 3 4 5 |  5.5
Dodging        | 3 4 5 |  5.0
Throwing       | |  2.0

Action                     |  1- 3 |  4- 6 |  7- 9 || total
---------------------------+-------+-------+-------++-------
  Melee: Flail             |   111 |   226 |    91 ||   428
         Punch             |     3 |     3 |       ||     6
  Throw: Large rock        |     1 |     3 |       ||     4
         Throwing net      |     1 |       |       ||     1
  Evoke: Wand              |       |     8 |       ||     8
    Use: Potion            |       |     1 |       ||     1
         Scroll            |       |       |     4 ||     4
 Armour: Robe              |    51 |    55 |    17 ||   123
  Dodge: Dodged            |    57 |   150 |    89 ||   296
  Block: Other             |       |    53 |    37 ||    90
         Reflection        |       |     3 |     1 ||     4
